TOP OF THE 1ST |
New York Knights batting - Pitching for New Orleans Looters : RHP Anthony O'Connor
|
Pitching: RHP Anthony O'Connor
|
|
Batting: LHB Dan Hamilton
|
0-0: Called Strike 0-1: Ball 1-1: Swinging Strike 1-2: Fly out, F9 (Flyball, 9)
|
Batting: RHB Pepe Carrasco
|
0-0: Called Strike 0-1: Foul Ball, location: 2F 0-2: Ball 1-2: Ball 2-2: SINGLE (Groundball, 56D)
|
Batting: LHB Warren Potter
|
0-0: Fielders Choice at 2nd, 5-4 (Groundball, 56)
|
Batting: RHB Lonnie Anderson
|
0-0: Ball Warren Potter steals 2nd base 1-0: Called Strike 1-1: Foul Ball, location: 2F 1-2: Strikes out swinging
|
Top of the 1st over - 0 run(s), 1 hit(s), 0 error(s), 1 left on base; New York 0 - New Orleans 0 |
BOTTOM OF THE 1ST |
New Orleans Looters batting - Pitching for New York Knights : LHP Hong-ryul Yun
|
Pitching: LHP Hong-ryul Yun
|
|
Batting: LHB Taylor Smith
|
0-0: Ball 1-0: Ground out 6-3 (Groundball, 6S)
|
Batting: RHB Rich Ruffin
|
0-0: Ball 1-0: Called Strike 1-1: Called Strike 1-2: Foul Ball, location: 2F 1-2: Fly out, F8 (Flyball, 8RS)
|
Batting: LHB Seung-chun Mun
|
0-0: Called Strike 0-1: Ball 1-1: Fly out, F8 (Flyball, 8RM)
|
Bottom of the 1st over - 0 run(s), 0 hit(s), 0 error(s), 0 left on base; New York 0 - New Orleans 0 |
TOP OF THE 2ND |
New York Knights batting - Pitching for New Orleans Looters : RHP Anthony O'Connor
|
Batting: LHB Tom Blake
|
0-0: Foul Ball, location: 2F 0-1: DOUBLE (Line Drive, 9LM)
|
Batting: RHB Steve Sampson
|
0-0: Called Strike 0-1: Foul Ball, location: 2F 0-2: Ball 1-2: Ball 2-2: Strikes out looking
|
Batting: LHB Nicholas Alston
|
0-0: Fly out, F7 (Flyball, 7)
|
Batting: RHB Yasuhiko Sumita
|
0-0: Ball 1-0: Swinging Strike 1-1: Ball 2-1: Fly out, F9 (Flyball, 89D)
|
Top of the 2nd over - 0 run(s), 1 hit(s), 0 error(s), 1 left on base; New York 0 - New Orleans 0 |
BOTTOM OF THE 2ND |
New Orleans Looters batting - Pitching for New York Knights : LHP Hong-ryul Yun
|
Batting: SHB Oliver Deleón
|
0-0: Ball 1-0: Ball 2-0: Ball 3-0: Base on Balls
|
Batting: RHB José Mora
|
0-0: Ball 1-0: Ball 2-0: Called Strike 2-1: Foul Ball, location: 2F 2-2: Ball 3-2: SINGLE (Groundball, 4MD) Oliver Deleón to second
|
Batting: SHB Nate Rhodes
|
0-0: Ball 1-0: Grounds into double play, 4-6-3 (Groundball, 4) Oliver Deleón to third
|
Batting: RHB Dave O'Loan
|
0-0: Ball 1-0: Called Strike 1-1: Foul Ball, location: 2F 1-2: Foul Ball, location: 2F 1-2: Fly out, F5 (Popup, 5L)
|
Bottom of the 2nd over - 0 run(s), 1 hit(s), 0 error(s), 1 left on base; New York 0 - New Orleans 0 |
TOP OF THE 3RD |
New York Knights batting - Pitching for New Orleans Looters : RHP Anthony O'Connor
|
Batting: RHB Héctor Vázquez
|
0-0: SINGLE (Groundball, 6MD)
|
Batting: LHB Dan Hamilton
|
0-0: Ball 1-0: Ball 2-0: Foul Ball, location: 2F 2-1: Swinging Strike 2-2: Strikes out looking
|
Batting: RHB Pepe Carrasco
|
0-0: Ball 1-0: Ball 2-0: Ball 3-0: Base on Balls Héctor Vázquez to second
|
Batting: LHB Warren Potter
|
0-0: SINGLE (Groundball, 4D) Héctor Vázquez to third Pepe Carrasco to second Runner from 3rd tries for Home, SAFE, throw made home
|
Batting: RHB Lonnie Anderson
|
0-0: Called Strike 0-1: Called Strike 0-2: Ball 1-2: Foul Ball, location: 2F 1-2: Foul Ball, location: 2F 1-2: Foul Ball, location: 2F 1-2: Ball 2-2: Ball 3-2: Foul Ball, location: 2F 3-2: Foul Ball, location: 2F 3-2: Fly out, F9 (Flyball, 9LM) Runner from 2nd tags up, SAFE at 3rd with throw
|
Batting: LHB Tom Blake
|
0-0: Ball 1-0: Ball 2-0: Ball 3-0: Base on Balls Warren Potter to second
|
Batting: RHB Steve Sampson
|
0-0: Ball 1-0: Called Strike 1-1: Ball 2-1: Foul Ball, location: 2F 2-2: Strikes out looking
|
Top of the 3rd over - 1 run(s), 2 hit(s), 0 error(s), 3 left on base; New York 1 - New Orleans 0 |
BOTTOM OF THE 3RD |
New Orleans Looters batting - Pitching for New York Knights : LHP Hong-ryul Yun
|
Batting: RHB John Anderson
|
0-0: Called Strike 0-1: Ball 1-1: Swinging Strike 1-2: Ball 2-2: Strikes out swinging
|
Batting: SHB Arturo Sánchez
|
0-0: Called Strike 0-1: Ball 1-1: Ball 2-1: Ball 3-1: SINGLE (Line Drive, 9LM)
|
Batting: LHB Taylor Smith
|
0-0: SINGLE (Line Drive, 8LM) Arturo Sánchez to second
|
Batting: RHB Rich Ruffin
|
0-0: Called Strike 0-1: Fly out, F7 (Flyball, 7D)
|
Batting: LHB Seung-chun Mun
|
0-0: Ball 1-0: Ball 2-0: Called Strike 2-1: Fly out, F9 (Flyball, 9D)
|
Bottom of the 3rd over - 0 run(s), 2 hit(s), 0 error(s), 2 left on base; New York 1 - New Orleans 0 |
TOP OF THE 4TH |
New York Knights batting - Pitching for New Orleans Looters : RHP Anthony O'Connor
|
Batting: LHB Nicholas Alston
|
0-0: Called Strike 0-1: Ball 1-1: Ball 2-1: Foul Ball, location: 2F 2-2: Strikes out swinging
|
Batting: RHB Yasuhiko Sumita
|
0-0: Ball 1-0: Foul Ball, location: 2F 1-1: Ball 2-1: Foul Ball, location: 2F 2-2: Ball 3-2: Base on Balls
|
Batting: RHB Héctor Vázquez
|
0-0: Fly out, F9 (Flyball, 89S)
|
Batting: LHB Dan Hamilton
|
0-0: Ball 1-0: Ball 2-0: Ball 3-0: Called Strike 3-1: Fly out, F4 (Line Drive, 34)
|
Top of the 4th over - 0 run(s), 0 hit(s), 0 error(s), 1 left on base; New York 1 - New Orleans 0 |
BOTTOM OF THE 4TH |
New Orleans Looters batting - Pitching for New York Knights : LHP Hong-ryul Yun
|
Batting: SHB Oliver Deleón
|
0-0: Ball 1-0: Ball 2-0: SINGLE (Line Drive, 89S)
|
Batting: RHB José Mora
|
0-0: Ball 1-0: Called Strike 1-1: SINGLE (Line Drive, 6MD) Oliver Deleón to second
|
Batting: SHB Nate Rhodes
|
0-0: Swinging Strike 0-1: Ball 1-1: Foul Ball, location: 2F 1-2: Foul Ball, location: 2F 1-2: Foul Ball, location: 2F 1-2: Strikes out swinging
|
Batting: RHB Dave O'Loan
|
0-0: Ball 1-0: Ball 2-0: Ball 3-0: Called Strike 3-1: Swinging Strike 3-2: Fly out, F7 (Flyball, 7D)
|
Batting: RHB John Anderson
|
0-0: Called Strike 0-1: Fly out, F9 (Line Drive, 9)
|
Bottom of the 4th over - 0 run(s), 2 hit(s), 0 error(s), 2 left on base; New York 1 - New Orleans 0 |
TOP OF THE 5TH |
New York Knights batting - Pitching for New Orleans Looters : RHP Anthony O'Connor
|
Batting: RHB Pepe Carrasco
|
0-0: Called Strike 0-1: Ball 1-1: Swinging Strike 1-2: Ball 2-2: Ball 3-2: Foul Ball, location: 2F 3-2: Strikes out swinging
|
Batting: LHB Warren Potter
|
0-0: Called Strike 0-1: Ball 1-1: Ball 2-1: Foul Ball, location: 2F 2-2: Foul Ball, location: 2F 2-2: Ball 3-2: SOLO HOME RUN (Flyball, 9D), Distance : 364 ft
|
Batting: RHB Lonnie Anderson
|
0-0: Fly out, F3 (Popup, 3)
|
Batting: LHB Tom Blake
|
0-0: Foul Ball, location: 2F 0-1: Ground out 4-3 (Groundball, 4)
|
Top of the 5th over - 1 run(s), 1 hit(s), 0 error(s), 0 left on base; New York 2 - New Orleans 0 |
BOTTOM OF THE 5TH |
New Orleans Looters batting - Pitching for New York Knights : LHP Hong-ryul Yun
|
Batting: SHB Arturo Sánchez
|
0-0: Fly out, F9 (Flyball, 9D)
|
Batting: LHB Taylor Smith
|
0-0: SINGLE (Line Drive, 34D)
|
Batting: RHB Rich Ruffin
|
0-0: Called Strike 0-1: SINGLE (Flyball, 7S) Taylor Smith to second
|
Batting: LHB Seung-chun Mun
|
0-0: Foul Ball, location: 2F 0-1: Ball 1-1: Ball 2-1: Called Strike 2-2: Ball 3-2: Grounds into double play, 3-6-3 (Groundball, 34)
|
Bottom of the 5th over - 0 run(s), 2 hit(s), 0 error(s), 1 left on base; New York 2 - New Orleans 0 |
TOP OF THE 6TH |
New York Knights batting - Pitching for New Orleans Looters : RHP Anthony O'Connor
|
Pitching: LHP Tadao Yoshida
|
|
Batting: RHB Steve Sampson
|
0-0: Ball 1-0: Foul Ball, location: 2F 1-1: Foul Ball, location: 2F 1-2: Ball 2-2: Strikes out swinging
|
Batting: LHB Nicholas Alston
|
0-0: Ball 1-0: Called Strike 1-1: Ball 2-1: Swinging Strike 2-2: Fly out, F8 (Flyball, 89S)
|
Batting: RHB Yasuhiko Sumita
|
0-0: Ball 1-0: Ball 2-0: Called Strike 2-1: Swinging Strike 2-2: Foul Ball, location: 2F 2-2: Strikes out swinging
|
Top of the 6th over - 0 run(s), 0 hit(s), 0 error(s), 0 left on base; New York 2 - New Orleans 0 |
BOTTOM OF THE 6TH |
New Orleans Looters batting - Pitching for New York Knights : LHP Hong-ryul Yun
|
Batting: SHB Oliver Deleón
|
0-0: Called Strike 0-1: Ball 1-1: Called Strike 1-2: Foul Ball, location: 2F 1-2: Fly out, F8 (Flyball, 8RS)
|
Batting: RHB José Mora
|
0-0: Called Strike 0-1: Ball 1-1: Called Strike 1-2: Ball 2-2: Strikes out swinging, 2-3 out at first.
|
Batting: SHB Nate Rhodes
|
0-0: Ball 1-0: Ball 2-0: Fly out, F9 (Line Drive, 9S)
|
Bottom of the 6th over - 0 run(s), 0 hit(s), 0 error(s), 0 left on base; New York 2 - New Orleans 0 |
TOP OF THE 7TH |
New York Knights batting - Pitching for New Orleans Looters : LHP Tadao Yoshida
|
Batting: RHB Héctor Vázquez
|
0-0: Ball 1-0: Swinging Strike 1-1: Ball 2-1: Ground out 6-3 (Groundball, 6)
|
Batting: LHB Dan Hamilton
|
0-0: Foul Ball, location: 2F 0-1: Ball 1-1: Ball 2-1: SOLO HOME RUN (Line Drive, 9D), Distance : 384 ft
|
Batting: RHB Pepe Carrasco
|
0-0: Ball 1-0: Called Strike 1-1: Ball 2-1: Called Strike 2-2: Ground out 3-1 (Groundball, 34)
|
Batting: LHB Warren Potter
|
0-0: DOUBLE (Line Drive, 9D)
|
Batting: RHB Lonnie Anderson
|
0-0: Ball Wild Pitch! Warren Potter to third 1-0: Ball 2-0: Ball 3-0: SINGLE (Groundball, 34D) Warren Potter scores
|
Pitching: RHP Roy March
|
|
Batting: LHB Tom Blake
|
0-0: Called Strike Lonnie Anderson steals 2nd base 0-1: Ball 1-1: Swinging Strike 1-2: SINGLE (Flyball, 78S) Lonnie Anderson to third Runner from 3rd tries for Home, SAFE, no throw
|
Batting: RHB Steve Sampson
|
0-0: Called Strike 0-1: Ball 1-1: Swinging Strike 1-2: Ball 2-2: Strikes out swinging
|
Top of the 7th over - 3 run(s), 4 hit(s), 0 error(s), 1 left on base; New York 5 - New Orleans 0 |
BOTTOM OF THE 7TH |
New Orleans Looters batting - Pitching for New York Knights : LHP Hong-ryul Yun
|
Batting: RHB Dave O'Loan
|
0-0: Ball 1-0: Swinging Strike 1-1: Ball 2-1: Called Strike 2-2: Ball 3-2: Foul Ball, location: 2F 3-2: Foul Ball, location: 2F 3-2: Base on Balls
|
Batting: RHB John Anderson
|
0-0: Foul Ball, location: 2F 0-1: Grounds into double play, 6-4-3 (Groundball, 6)
|
Batting: SHB Arturo Sánchez
|
0-0: Ground out 6-3 (Groundball, 6)
|
Bottom of the 7th over - 0 run(s), 0 hit(s), 0 error(s), 0 left on base; New York 5 - New Orleans 0 |
TOP OF THE 8TH |
New York Knights batting - Pitching for New Orleans Looters : RHP Roy March
|
Batting: LHB Nicholas Alston
|
0-0: Foul Ball, location: 2F 0-1: Ball 1-1: Ball 2-1: Ball 3-1: Ground out 6-3 (Groundball, 6)
|
Batting: RHB Yasuhiko Sumita
|
0-0: Ball 1-0: Ball 2-0: Called Strike 2-1: Foul Ball, location: 2F 2-2: Ball 3-2: Foul Ball, location: 2F 3-2: Foul Ball, location: 2F 3-2: SINGLE (Flyball, 89S)
|
Batting: RHB Héctor Vázquez
|
0-0: SINGLE (Groundball, 4MD) Yasuhiko Sumita to second
|
Batting: LHB Dan Hamilton
|
0-0: Called Strike 0-1: Ball 1-1: Foul Ball, location: 2F 1-2: Ball 2-2: Foul Ball, location: 2F 2-2: Ball 3-2: Strikes out swinging
|
Batting: RHB Pepe Carrasco
|
0-0: Ball 1-0: Swinging Strike 1-1: Ball 2-1: Fielders Choice at 2nd, 5-4 (Groundball, 56)
|
Top of the 8th over - 0 run(s), 2 hit(s), 0 error(s), 1 left on base; New York 5 - New Orleans 0 |
BOTTOM OF THE 8TH |
New Orleans Looters batting - Pitching for New York Knights : LHP Hong-ryul Yun
|
Batting: LHB Taylor Smith
|
0-0: Ball 1-0: Ball 2-0: Foul Ball, location: 2F 2-1: DOUBLE (Line Drive, 9LS)
|
Batting: RHB Rich Ruffin
|
0-0: Foul Ball, location: 2F 0-1: SINGLE (Groundball, 6D) Taylor Smith to third
|
Batting: LHB Seung-chun Mun
|
0-0: Foul Ball, location: 2F 0-1: Ball 1-1: Foul Ball, location: 2F 1-2: Strikes out swinging
|
Batting: SHB Oliver Deleón
|
0-0: Ball 1-0: Ball 2-0: Ball 3-0: Called Strike 3-1: Foul Ball, location: 2F 3-2: Foul Ball, location: 2F 3-2: Base on Balls Rich Ruffin to second
|
Batting: RHB José Mora
|
0-0: Called Strike 0-1: Ball 1-1: Ball 2-1: Called Strike 2-2: Ball 3-2: Foul Ball, location: 2F 3-2: Foul Ball, location: 2F 3-2: Foul Ball, location: 2F 3-2: Foul Ball, location: 2F 3-2: SINGLE (Groundball, 6MD) Taylor Smith scores Rich Ruffin to third Oliver Deleón to second
|
Pitching: RHP Jim Nelson
|
|
Batting: SHB Nate Rhodes
|
0-0: Called Strike 0-1: Ball 1-1: Ball 2-1: Fly out, F7 (Line Drive, 78M) Runner from 3rd tags up, SCORES, throw made
|
Batting: RHB Dave O'Loan
|
0-0: Called Strike 0-1: SINGLE (Line Drive, 6MD) Oliver Deleón to third José Mora to second
|
Batting: RHB John Anderson
|
0-0: Called Strike 0-1: Foul Ball, location: 2F 0-2: Ground out 4-3 (Groundball, 4S)
|
Bottom of the 8th over - 2 run(s), 4 hit(s), 0 error(s), 3 left on base; New York 5 - New Orleans 2 |
TOP OF THE 9TH |
New York Knights batting - Pitching for New Orleans Looters : RHP Roy March
|
Batting: LHB Warren Potter
|
0-0: Foul Ball, location: 2F 0-1: Called Strike 0-2: Foul Ball, location: 2F 0-2: Ground out 6-3 (Groundball, 6)
|
Batting: RHB Lonnie Anderson
|
0-0: Swinging Strike 0-1: Ball 1-1: Swinging Strike 1-2: Fly out, F9 (Flyball, 9S)
|
Batting: LHB Tom Blake
|
0-0: Called Strike 0-1: Swinging Strike 0-2: Foul Ball, location: 2F 0-2: Strikes out swinging
|
Top of the 9th over - 0 run(s), 0 hit(s), 0 error(s), 0 left on base; New York 5 - New Orleans 2 |
BOTTOM OF THE 9TH |
New Orleans Looters batting - Pitching for New York Knights : RHP Jim Nelson
|
Pitching: LHP Juan Ortíz
|
|
Batting: SHB Arturo Sánchez
|
0-0: Ball 1-0: Ground out 4-3 (Groundball, 34)
|
Batting: LHB Taylor Smith
|
0-0: Ball 1-0: Fly out, F8 (Flyball, 8RD)
|
Batting: RHB Rich Ruffin
|
0-0: Ball 1-0: Called Strike 1-1: Swinging Strike 1-2: Foul Ball, location: 2F 1-2: Strikes out swinging
|
Bottom of the 9th over - 0 run(s), 0 hit(s), 0 error(s), 0 left on base; New York 5 - New Orleans 2 |
|